Map: Overgrowth LE (Void)

Players

Fropez - Winner!

  • Race: Protoss Protoss
  • League: Gold
  • Spawn Location: 7:00

DukeKant

  • Race: Terran Terran
  • League: Gold
  • Spawn Location: 1:00

VOD

Have the link to the VOD?

Description

Time

  • Played on: Dec. 5, 2016, 11:56 a.m.
  • Length: 26:49
Show
View Real Time Build Order
Export as new Build Order

Fropez Protoss - Winner!

Build Orders: 1 Gate Expand 

Get SALT Encoding   

  12  0:00  Probe (Chrono Boost)  
  13  0:17  Probe (Chrono Boost)  
  13  0:19  Pylon  
  14  0:28  Probe (Chrono Boost)  
  15  0:38  Probe (Chrono Boost)  
  16  0:43  Gateway  
  16  0:49  Probe (Chrono Boost)  
  17  0:50  Assimilator  
  17  0:59  Probe (Chrono Boost)  
  19  1:23  Nexus  
  18  1:34  Cybernetics Core  
  18  1:35  Probe (Chrono Boost)  
  19  1:44  Assimilator  
  19  1:46  Probe (Chrono Boost)  
  20  1:56  Probe (Chrono Boost)  
  20  2:00  Pylon  
  22  2:11  Mothership Core (Chrono Boost)  
  23  2:17  Adept  
  25  2:29  Warp Gate (Chrono Boost)  
  25  2:30  Probe (Chrono Boost)  
  25  2:35  Probe (Chrono Boost)  
  27  2:44  Probe  
  28  2:54  Probe  
  28  2:57  Gateway  
  29  2:59  Pylon  
  29  3:06  Probe  
  29  3:08  Pylon, Stalker  
  29  3:10  Probe  
  33  3:13  Assimilator  
  33  3:22  Pylon  
  33  3:36  Probe x2  
  33  3:38  Twilight Council  
  33  3:40  Stalker  
  34  3:44  Stalker  
  34  3:46  Assimilator  
  38  4:08  Pylon  
  38  4:11  Probe  
  38  4:12  Probe  
  38  4:13  Pylon  
  38  4:14  Blink (Chrono Boost)  
  40  4:23  Probe  
  41  4:28  Stalker x2  
  45  4:32  Probe  
  46  4:42  Forge  
  46  4:43  Probe  
  46  4:57  Stalker  
  46  4:58  Stalker  
  46  5:11  Probe x2  
  48  5:24  Stargate  
  44  5:48  Probe  
  44  5:49  Probe  
  44  6:01  Probe  
  44  6:03  Stalker x2  
  49  6:09  Nexus, Oracle (Chrono Boost)  
  52  6:20  Photon Cannon  
  52  6:23  Probe  
  52  6:25  Probe  
  54  6:35  Probe  
  54  6:36  Stalker x2  
  54  6:38  Pylon  
  59  6:41  Probe  
  60  7:19  Phoenix (Chrono Boost)  
  59  7:24  Probe x3  
  62  7:36  Probe  
  62  7:37  Photon Cannon  
  63  7:39  Gateway  
  63  7:41  Phoenix (Chrono Boost)  
  65  7:46  Photon Cannon  
  65  7:53  Protoss Ground Weapons Level 1 (Chrono Boost)  
  65  7:54  Pylon  
  63  8:00  Gateway  
  63  8:03  Forge  
  63  8:05  Dark Shrine  
  63  8:07  Photon Cannon  
  63  8:15  Protoss Air Weapons Level 1 (Chrono Boost)  
  63  8:18  Probe, Stalker x2  
  63  8:19  Probe x2  
  69  8:22  Phoenix (Chrono Boost)  
  69  8:24  Assimilator  
  72  8:28  Assimilator  
  72  8:38  Gateway  
  72  8:46  Protoss Ground Armor Level 1 (Chrono Boost)  
  72  8:54  Gateway  
  72  8:56  Gateway  
  72  8:58  Pylon  
  72  9:08  Pylon  
  72  9:09  Pylon  
  72  9:12  Adept x2  
  72  9:13  Adept x2  
  80  9:26  Robotics Facility  
  80  9:28  Pylon  
  80  9:33  Pylon  
  80  9:34  Dark Templar x3  
  86  9:45  Stalker x2  
  88  9:47  Phoenix  
  92  10:09  Stalker x4  
  92  10:10  Stalker, Protoss Ground Weapons Level 2 (Chrono Boost)  
  102  10:22  Observer (Chrono Boost)  
  101  10:39  Dark Templar x5  
  111  10:56  Protoss Air Armor Level 1  
  111  11:04  Warp Prism (Chrono Boost)  
  111  11:08  Phoenix  
  115  11:12  Protoss Ground Armor Level 2  
  115  11:14  Probe x2  
  115  11:15  Probe  
  118  11:31  Nexus  
  118  11:33  Pylon  
  110  12:40  Phoenix  
  110  12:48  Probe  
  110  12:49  Probe x2  
  110  12:50  Probe  
  114  12:56  Gateway  
  114  12:59  Probe  
  114  13:01  Probe, Gateway x2  
  114  13:02  Probe x2  
  114  13:04  Gateway, Stalker  
  114  13:05  Phoenix, Stalker x6  
  134  13:13  Assimilator  
  134  13:14  Probe  
  134  13:19  Photon Cannon  
  135  13:22  Photon Cannon  
  135  13:30  Protoss Ground Weapons Level 3 (Chrono Boost), Protoss Ground Armor Level 3 (Chrono Boost)  
  135  13:31  Photon Cannon  
  135  13:34  Pylon  
  135  13:38  Assimilator  
  135  13:41  Pylon x2  
  135  13:42  Dark Templar x2  
  135  13:43  Dark Templar x2  
  143  13:52  Phoenix  
  145  14:01  Fleet Beacon  
  146  14:03  Observer  
  146  14:14  Templar Archives  
  146  14:17  Phoenix  
  146  14:22  Photon Cannon  
  148  14:42  Phoenix  
  148  14:44  Stalker x4  
  148  14:45  Stalker x4  
  115  15:53  Dark Templar x3  
  115  15:54  Dark Templar x4  
  119  16:05  Immortal  
  123  16:14  Probe  
  123  16:15  Gateway  
  123  16:16  Probe x3  
  123  16:18  Pylon, Gateway  
  117  16:30  Nexus  
  117  16:33  Assimilator  
  117  16:37  Assimilator  
  105  17:11  Phoenix  
  105  17:14  Stalker  
  105  17:15  Stalker x5  
  121  17:16  Stalker x5  
  121  17:20  Observer  
  136  17:36  Phoenix  
  138  17:37  Probe  
  138  17:38  Probe x3  
  142  17:47  Probe  
  142  17:50  Probe x3  
  146  17:55  Gateway  
  146  17:57  Pylon, Charge  
  146  17:58  Probe, Photon Cannon  
  146  17:59  Protoss Shields Level 1 (Chrono Boost)  
  146  18:00  Pylon  
  146  18:02  Probe x2  
  146  18:03  Probe  
  150  18:07  Pylon  
  150  18:08  Probe  
  150  18:10  Pylon  
  151  18:13  Pylon  
  151  18:14  Probe  
  151  18:15  Probe x2  
  151  18:19  Probe  
  154  18:25  High Templar x2  
  154  18:26  High Templar x5, Probe  
  154  18:27  Probe x2  
  172  18:32  Zealot x5  
  172  18:33  Zealot  
  184  18:40  Gateway  
  184  18:43  Gateway  
  184  18:45  Gateway  
  184  18:48  Gateway  
  184  18:53  Gateway x2  
  182  18:55  Gateway  
  182  18:56  Pylon, Observer  
  182  19:01  Zealot x5  
  182  19:02  Zealot x3  
  197  19:17  Warp Prism  
  191  19:33  Dark Templar x3  
  191  19:34  Dark Templar  
  195  19:53  Stalker x2  
  195  19:54  Stalker  
  195  19:55  Stalker  
  199  20:20  Pylon  
  199  20:22  Pylon  
  199  20:23  Pylon x2  
  199  20:24  Pylon x3  
  199  20:25  Pylon  
  199  20:27  Pylon x3  
  199  20:28  Pylon  
  198  20:44  Photon Cannon x2  
  198  20:46  Photon Cannon x2  
  198  20:47  Photon Cannon  
  198  20:48  Photon Cannon  
  198  20:49  Zealot  
  200  20:50  Photon Cannon x2  
  200  20:52  Photon Cannon  
  200  20:56  Zealot x2  
  198  21:10  Protoss Shields Level 2 (Chrono Boost)  
  193  21:13  Zealot x3  
  193  21:14  Zealot  
  199  21:39  Nexus  
  199  21:42  Assimilator  
  199  21:47  Assimilator  
  199  21:50  Pylon  
  199  22:04  Nexus  
  199  22:06  Photon Cannon  
  199  22:09  Photon Cannon  
  199  22:13  Photon Cannon  
  199  22:15  Photon Cannon  
  199  22:17  Photon Cannon  
  199  22:20  Photon Cannon  
  199  22:27  High Templar x4  
  199  22:31  Pylon, Archon x2  
  199  22:33  Pylon  
  199  22:37  Pylon  
  199  22:54  Stargate x2  
  199  22:57  Stargate  
  199  23:00  Pylon  
  199  23:03  Pylon  
  199  23:15  Protoss Shields Level 3 (Chrono Boost)  
  199  23:19  Assimilator  
  199  23:23  Assimilator  
  199  23:48  Archon x3  
  181  24:01  Stalker  
  181  24:02  Stalker x7  
  177  24:03  Stalker x5  
  177  24:04  Stalker x4  
  169  24:29  High Templar x2  
  169  24:30  High Templar x6  
  169  24:31  High Templar x5  
  177  24:34  Archon x4  
  177  24:35  Archon x2  
  167  25:08  Zealot x7  
  167  25:09  Zealot x4  
  167  25:10  Zealot x5  
  176  26:12  Stalker  
  176  26:13  Stalker x6  
  176  26:14  Stalker x4  
  176  26:15  Stalker x4  
  176  26:16  Stalker x3  
  184  26:21  Mothership Core  
Show
View Real Time Build Order
Export as new Build Order

DukeKant Terran 

Build Orders: 1/1/1, Cyclone Opening 

Get SALT Encoding   

  12  0:01  SCV  
  13  0:14  SCV  
  14  0:22  Supply Depot  
  14  0:26  SCV  
  15  0:31  Refinery  
  15  0:43  SCV  
  15  0:46  Barracks  
  16  0:57  SCV  
  17  1:06  Refinery  
  17  1:10  SCV  
  18  1:23  SCV  
  19  1:36  Supply Depot  
  19  1:40  Orbital Command  
  19  1:41  Factory  
  19  2:03  Supply Depot  
  19  2:07  Barracks Reactor  
  19  2:08  SCV  
  20  2:29  Starport  
  22  2:40  Cyclone  
  22  2:43  SCV  
  24  2:58  SCV  
  25  3:10  Engineering Bay  
  25  3:11  SCV  
  26  3:18  Viking x2  
  30  3:23  Widow Mine, Barracks Tech Lab  
  32  3:48  SCV  
  32  3:53  Viking, Command Center  
  35  4:00  SCV  
  36  4:13  SCV  
  36  4:15  Missile Turret  
  37  4:21  Siege Tank  
  37  4:23  Supply Depot  
  41  4:31  SCV  
  37  5:15  SCV  
  38  5:27  SCV  
  39  5:30  Viking x2  
  39  5:31  Siege Tank  
  46  5:39  SCV  
  46  5:41  Missile Turret  
  47  5:45  Planetary Fortress  
  47  5:51  SCV  
  48  6:04  SCV  
  49  6:09  Missile Turret  
  49  6:16  SCV  
  50  6:20  Missile Turret  
  50  6:27  Refinery  
  50  6:28  SCV x2  
  50  6:29  Refinery  
  52  6:37  Siege Tank  
  55  6:40  SCV x2  
  57  6:47  Armory  
  57  6:50  Armory  
  57  6:52  SCV  
  57  6:53  SCV  
  59  6:59  Command Center  
  59  7:02  Viking  
  59  7:04  SCV  
  59  7:05  SCV  
  63  7:09  Siege Tank  
  63  7:16  SCV  
  64  7:28  SCV  
  65  7:40  SCV  
  66  7:52  SCV  
  67  8:12  Viking x2, Missile Turret  
  71  8:38  Terran Vehicle Weapons Level 1, Terran Vehicle And Ship Armor Level 1  
  71  8:39  Factory  
  71  8:40  Barracks Reactor  
  71  8:47  SCV  
  72  8:50  Supply Depot  
  72  8:59  SCV  
  72  9:00  Supply Depot  
  73  9:11  SCV  
  74  9:23  SCV  
  75  9:27  Cyclone x2  
  81  9:34  Missile Turret  
  81  9:35  SCV  
  81  9:36  Planetary Fortress  
  83  9:38  SCV  
  83  9:47  SCV, Refinery  
  83  9:50  Siege Tank, SCV  
  88  9:59  SCV  
  89  10:02  SCV  
  89  10:05  Missile Turret  
  90  10:11  SCV  
  91  10:20  Cyclone  
  91  10:21  Cyclone  
  97  10:22  Mag-Field Launchers  
  97  10:23  SCV  
  98  10:35  SCV  
  98  10:36  Refinery  
  98  10:38  SCV  
  100  10:48  SCV, Missile Turret  
  101  10:50  SCV  
  102  11:02  SCV  
  103  11:14  SCV, Missile Turret  
  103  11:17  Terran Vehicle And Ship Armor Level 2  
  104  11:19  Terran Vehicle Weapons Level 2  
  104  11:21  Siege Tank  
  104  11:25  Viking  
  109  11:30  Viking  
  109  11:31  SCV  
  112  11:33  Supply Depot  
  112  11:35  Supply Depot  
  112  12:19  Cyclone x2  
  116  12:51  Viking x2  
  120  13:00  Refinery  
  120  13:10  Supply Depot  
  119  13:46  Missile Turret  
  119  13:51  Cyclone x2  
  119  13:53  Terran Vehicle And Ship Armor Level 3  
  119  13:55  Terran Ship Weapons Level 1  
  125  13:58  Starport  
  125  13:59  Starport  
  125  14:00  Starport  
  125  14:03  Starport  
  125  14:11  Command Center  
  125  14:21  Missile Turret  
  123  14:43  Supply Depot  
  123  14:47  Supply Depot  
  123  15:05  SCV  
  124  15:08  Refinery  
  124  15:12  Building Armor  
  124  15:17  SCV  
  124  15:18  Fusion Core  
  124  15:21  Starport Tech Lab x2  
  125  15:22  Starport Tech Lab  
  125  15:26  Starport Tech Lab  
  125  15:29  SCV  
  108  16:09  SCV  
  109  16:21  SCV  
  105  16:33  SCV  
  102  16:44  Missile Turret  
  102  16:45  SCV  
  103  16:49  Missile Turret  
  99  16:57  SCV  
  97  17:10  SCV  
  97  17:11  Orbital Command  
  98  17:22  SCV  
  99  17:34  SCV  
  100  17:43  Battlecruiser x2  
  100  17:44  Battlecruiser x2  
  118  17:45  Weapon Refit  
  118  17:46  SCV  
  125  17:58  SCV  
  126  18:01  Siege Tank  
  129  18:10  SCV  
  130  18:28  Supply Depot  
  130  18:33  Siege Tank  
  133  18:49  Orbital Command  
  121  19:23  SCV  
  122  19:35  SCV  
  122  19:36  Missile Turret  
  123  19:43  Missile Turret  
  123  19:46  Bunker  
  123  20:03  Terran Ship Weapons Level 2  
  123  20:11  Missile Turret  
  123  20:17  Missile Turret  
  123  20:26  Cyclone x2  
  129  20:42  Missile Turret  
  125  21:43  Battlecruiser  
  125  21:44  Battlecruiser x2  
  143  21:56  Marine x2  
  143  21:57  Refinery  
  145  22:13  Marine  
  145  22:14  Marine  
  144  22:34  SCV  
  145  22:40  Refinery  
  145  22:46  SCV  
  146  22:52  Battlecruiser x2  
  146  22:53  Battlecruiser x2  
  170  22:58  SCV  
  171  23:10  SCV  
  172  23:20  Terran Ship Weapons Level 3  
  172  23:22  SCV  
  134  25:13  Battlecruiser x3  
  134  25:14  Battlecruiser  
  158  25:36  Command Center  
Tags
 
Add a new tag
Caveats
  • Supply blocks, unpowered buildings, or Contaminate may cause inaccurate times.
  • Supply counts are checked every 10 seconds.